[ AOE2 MATCH · #506935814 ]
UnrankedMongols vs Mongols
Player's team · WIN
Rival team · LOSS
[ REPLAY ANALYSIS · EXTRACTED FROM THE RECORDED GAME ]
Feudal
8:01
Castle
—
Imperial
—
| APM avg | 48.0 |
| APM peak | 71 |
| eAPM avg | 15.6 |
| Villagers / military | 26 / 6 |
Focus
⚔️ 37.9% · 🌾 62.1%
Archer ×6
Feudal
8:52
Castle
—
Imperial
—
| APM avg | 37.9 |
| APM peak | 94 |
| eAPM avg | 18.5 |
| Villagers / military | 38 / 18 |
Focus
⚔️ 30.4% · 🌾 69.6%
Archer ×8 · Militia ×7 · Skirmisher ×3
Match map
Initial resources + every placement click. Lines = walls · curves = elevation contours. ◆ gold · ⬟ stone · ● berries · ✦ relic · ◌ wall gap
Your base· Open — unwalled flank
DS_Rene Lavand's base· Open — unwalled flank
Smoothed initial terrain · ◌ = detected wall gap · hover for details
Inputs per minute
— Ghost - - DS_Rene Lavand
Build order — Ghost
63 actions detected in the replay
| 0:01 | Queue | Villager (Male) |
| 0:01 | Queue | Villager (Male) |
| 0:01 | Queue | Villager (Male) |
| 0:02 | Build | House |
| 0:04 | Build | House |
| 0:13 | Queue | Villager (Male) |
| 1:34 | Queue | Villager (Male) |
| 1:34 | Queue | Villager (Male) |
| 2:25 | Queue | Villager (Male) |
| 2:40 | Queue | Villager (Male) |
| 2:49 | Queue | Villager (Male) |
| 2:50 | Queue | Villager (Male) |
| 2:50 | Queue | Villager (Male) |
| 3:09 | Build | Lumber Camp |
| 3:37 | Queue | Villager (Male) |
| 3:51 | Build | House |
| 4:02 | Queue | Villager (Male) |
| 4:41 | Queue | Villager (Male) |
| 5:00 | Build | Mining Camp |
| 5:46 | Research | Feudal Age |
| 6:52 | Research | Loom |
| 7:07 | Build | Barracks |
| 7:25 | Build | House |
| 7:32 | Build | Palisade Wall |
| 7:34 | Build | Palisade Wall |
| 7:36 | Build | Palisade Wall |
| 7:39 | Build | Palisade Wall |
| 7:45 | Build | Palisade Wall |
| 7:47 | Build | Palisade Wall |
| 7:56 | Build | Palisade Wall |
| 7:58 | Build | Palisade Wall |
| 8:01 | Age | Feudal Age |
| 8:05 | Queue | Villager (Male) |
| 8:46 | Queue | Villager (Male) |
| 8:52 | Build | Palisade Wall |
| 8:54 | Build | Palisade Wall |
| 8:58 | Build | Palisade Wall |
| 9:00 | Build | Palisade Wall |
| 9:10 | Build | Archery Range |
| 9:43 | Build | Watch Tower |
| 9:49 | Queue | Archer |
| 9:58 | Research | Double-Bit Axe |
| 10:00 | Queue | Archer |
| 10:11 | Queue | Villager (Male) |
| 10:31 | Queue | Archer |
| 10:58 | Queue | Archer |
| 11:00 | Queue | Villager (Male) |
| 11:02 | Build | House |
| 11:21 | Build | Blacksmith |
| 11:23 | Queue | Villager (Male) |
| 11:38 | Queue | Villager (Male) |
| 11:42 | Build | House |
| 11:56 | Queue | Villager (Male) |
| 12:04 | Queue | Villager (Male) |
| 12:14 | Queue | Archer |
| 12:27 | Queue | Villager (Male) |
| 12:31 | Queue | Archer |
| 12:57 | Queue | Villager (Male) |
| 13:11 | Research | Fletching |
| 13:30 | Queue | Villager (Male) |
| 13:53 | Queue | Villager (Male) |
| 14:12 | Build | Mill |
| 14:27 | Build | Palisade Wall |
Build order — DS_Rene Lavand
77 actions detected in the replay
| 0:02 | Queue | Villager (Male) |
| 0:02 | Queue | Villager (Male) |
| 0:02 | Queue | Villager (Male) |
| 0:02 | Queue | Villager (Male) |
| 0:02 | Queue | Villager (Male) |
| 0:03 | Build | House |
| 0:05 | Build | House |
| 1:27 | Queue | Villager (Male) |
| 1:27 | Queue | Villager (Male) |
| 2:02 | Build | Lumber Camp |
| 2:02 | Queue | Villager (Male) |
| 2:22 | Queue | Villager (Male) |
| 2:22 | Queue | Villager (Male) |
| 2:22 | Queue | Villager (Male) |
| 2:50 | Queue | Villager (Male) |
| 2:51 | Queue | Villager (Male) |
| 3:20 | Queue | Villager (Male) |
| 3:20 | Queue | Villager (Male) |
| 3:26 | Queue | Villager (Male) |
| 3:30 | Build | House |
| 3:57 | Queue | Villager (Male) |
| 3:57 | Queue | Villager (Male) |
| 3:58 | Queue | Villager (Male) |
| 3:58 | Queue | Villager (Male) |
| 4:59 | Queue | Villager (Male) |
| 5:02 | Queue | Villager (Male) |
| 5:06 | Research | Loom |
| 5:36 | Build | Barracks |
| 6:03 | Build | House |
| 6:34 | Research | Feudal Age |
| 6:36 | Queue | Militia |
| 6:36 | Queue | Militia |
| 6:36 | Queue | Militia |
| 6:36 | Queue | Militia |
| 7:22 | Queue | Militia |
| 7:22 | Queue | Militia |
| 7:35 | Build | Mining Camp |
| 8:16 | Queue | Militia |
| 8:52 | Age | Feudal Age |
| 8:55 | Build | Archery Range |
| 8:56 | Research | Man-at-Arms (upgrade) |
| 9:00 | Queue | Villager (Male) |
| 9:11 | Build | House |
| 9:28 | Queue | Villager (Male) |
| 9:40 | Queue | Archer |
| 9:40 | Queue | Archer |
| 10:08 | Queue | Archer |
| 10:08 | Queue | Archer |
| 10:25 | Queue | Villager (Male) |
| 10:25 | Queue | Villager (Male) |
| 10:33 | Build | Watch Tower |
| 10:48 | Build | Blacksmith |
| 11:03 | Queue | Skirmisher |
| 11:03 | Queue | Archer |
| 11:04 | Queue | Villager (Male) |
| 11:04 | Queue | Villager (Male) |
| 11:05 | Queue | Villager (Male) |
| 11:10 | Build | House |
| 11:31 | Build | Mill |
| 12:19 | Queue | Archer |
| 12:20 | Queue | Archer |
| 12:20 | Queue | Archer |
| 12:31 | Queue | Villager (Male) |
| 12:31 | Queue | Villager (Male) |
| 12:31 | Queue | Villager (Male) |
| 12:38 | Build | Farm |
| 12:39 | Build | Farm |
| 12:48 | Build | Farm |
| 13:20 | Queue | Villager (Male) |
| 13:20 | Queue | Villager (Male) |
| 13:42 | Build | Farm |
| 14:13 | Queue | Villager (Male) |
| 14:13 | Queue | Villager (Male) |
| 14:14 | Queue | Villager (Male) |
| 14:14 | Queue | Villager (Male) |
| 14:20 | Queue | Skirmisher |
| 14:20 | Queue | Skirmisher |
Match timeline
| 5:36 | DS_Rene Lavand · first_building Barracks |
| 7:07 | Ghost · first_building Barracks |
| 7:32 | Ghost · wall_segment Palisade Wall x1 |
| 7:34 | Ghost · wall_segment Palisade Wall x1 |
| 7:36 | Ghost · wall_segment Palisade Wall x1 |
| 7:39 | Ghost · wall_segment Palisade Wall x1 |
| 7:45 | Ghost · wall_segment Palisade Wall x1 |
| 7:47 | Ghost · wall_segment Palisade Wall x1 |
| 7:56 | Ghost · wall_segment Palisade Wall x1 |
| 7:58 | Ghost · wall_segment Palisade Wall x1 |
| 8:01 | Ghost · age_up feudal |
| 8:52 | Ghost · wall_segment Palisade Wall x1 |
| 8:52 | DS_Rene Lavand · age_up feudal |
| 8:54 | Ghost · wall_segment Palisade Wall x1 |
| 8:55 | DS_Rene Lavand · first_building Archery Range |
| 8:58 | Ghost · wall_segment Palisade Wall x1 |
| 9:00 | Ghost · wall_segment Palisade Wall x1 |
| 9:10 | Ghost · first_building Archery Range |
| 14:27 | Ghost · wall_segment Palisade Wall x4 |
| 14:28 | DS_Rene Lavand · resign |
[ AI ANALYSIS · 1 CREDIT ]
What really happened in this match?
Wolo.gg analyzes every decision: build order, eco, micro, common mistakes by bracket. Personalized analysis on WhatsApp or Discord in 30 seconds.
Civ guide
Mongols
Perfil
Jugador #23112305